Griffins vs Reign

Created - April 6, 2024 at 18:59

Goals
1 2 3 T
Griffins 1 0 0 1
Reign 1 1 1 3
Shots
1 2 3 T
Griffins 6 9 6 21
Reign 15 14 6 35

1st period

1. Reign , Chandler Stephenson 8 (Austen Brassard 21, Phillip Danault 19) at 6:59
2. Griffins , Riley Armstrong 25 (Robby Fabbri 18, Sonny Milano 43) at 18:58 (PP)

Penalties :
Filip Hronek (Gra) for High sticking (Double Minor) at 13:58, Michael McCarron (Ont) for Interference (Minor) at 18:17

2nd period

3. Reign , Quinn Hughes 2 (Brendan Perlini 25, Darroll Powe 28) at 9:23 (PP)

Penalties :
Kevin Fiala (Ont) for Goalie Interference (Minor) at 0:15, Brady Tkachuk (Ont) for Slashing (Minor) at 4:09, Lucas Lessio (Gra) for Slashing (Minor) at 9:14, Lucas Lessio (Gra) for Interference (Minor) at 9:45, Josh Anderson (Ont) for Roughing (Minor) at 13:15

3rd period

4. Reign , Kevin Fiala 23 (Quinn Hughes 39, Brendan Perlini 26) at 4:43 (SH)

Penalties :
Robbie Russo (Gra) for Interference (Minor) at 2:38, Roman Josi (Ont) for Goalie Interference (Minor) at 3:59, Sonny Milano (Gra) for High sticking (Minor) at 12:12, Brendan Leipsic (Gra) for Tripping (Minor) at 17:23

Goalie Stats

Marcus Hogberg (Gra), 32 saves from 35 shots - (0.914), L, 32-9-2, 60:00 minutes
Carter Hutton (Ont), 20 saves from 21 shots - (0.952), W, 2-2-1, 60:00 minutes

Players Stats for Griffins

Player Name              G  A  P  +/- PIM S  H  SB GA TA FO     MP     PP MP  PK MP  
------------------------------------------------------------------------------------
Andrey Pedan             0  0  0   0  0   1  0  2  0  0  0/0    18:54   0:00   4:19 
Brendan Leipsic          0  0  0   0  2   0  0  0  0  0  1/1     7:47   0:07   0:30 
Christoffer Ehn          0  0  0  -1  0   1  1  0  0  0  10/16  18:07   3:26   3:10 
Cody Glass               0  0  0   0  0   0  0  0  0  0  0/1    11:34   0:10   2:37 
Filip Hronek             0  0  0  -1  4   3  0  1  0  2  0/0    24:55   4:17   3:42 
Ian McCoshen             0  0  0  -1  0   0  1  1  0  0  0/0    15:14   0:06   6:43 
Jack Studnicka           0  0  0   0  0   0  2  0  0  0  0/0     8:20   0:00   0:00 
Lucas Lessio             0  0  0  -1  4   0  0  0  1  0  0/0    22:29   4:26   4:31 
Martin Frk               0  0  0  -1  0   1  2  0  0  0  0/0    17:55   4:26   0:00 
Morgan Barron            0  0  0   0  0   2  2  0  0  0  1/1    10:23   0:00   2:01 
Morgan Geekie            0  0  0   0  0   0  0  0  0  0  0/2     7:17   0:07   0:00 
Nico Hischier            0  0  0  -1  0   1  1  0  0  0  16/28  19:14   4:23   1:19 
Nils Lundkvist           0  0  0  -1  0   1  1  0  1  0  0/0    15:59   3:42   0:36 
Riley Armstrong          1  0  1   0  0   1  0  1  0  1  5/9    15:43   3:20   5:34 
Robbie Russo             0  0  0  -1  2   1  0  1  0  0  0/0    14:28   0:06   2:31 
Robby Fabbri             0  1  1  -1  0   5  0  1  2  2  0/0    20:43   4:17   3:10 
Ryan Pulock              0  0  0  -1  0   2  2  4  0  0  0/0    19:20   3:42   3:49 
Sebastian Ahaut          0  0  0   0  0   0  0  0  0  0  0/0     5:17   0:00   1:12 
Sonny Milano             0  1  1   0  2   2  1  1  0  0  1/1    14:11   3:20   0:00 

Players Stats for Reign

Player Name              G  A  P  +/- PIM S  H  SB GA TA FO     MP     PP MP  PK MP  
------------------------------------------------------------------------------------
Austen Brassard          0  1  1   1  0   1  1  0  0  0  0/1     9:58   0:45   0:00 
Brady Tkachuk            0  0  0   0  2   3  1  0  0  0  0/0    15:29   4:48   0:00 
Brendan Perlini          0  2  2   0  0   2  0  0  0  1  4/9    23:40   5:52   4:36 
Chandler Stephenson      1  0  1   1  0   1  0  0  0  1  1/4     8:58   0:00   0:00 
Darroll Powe             0  1  1   0  0   3  2  0  1  0  13/29  23:40   5:52   4:36 
Devon Teows              0  0  0   0  0   0  0  0  0  0  0/0     9:40   0:00   0:45 
Evan Bouchard            0  0  0   0  0   0  0  0  0  0  0/0     5:08   0:00   0:00 
Fredrik Claesson         0  0  0   0  0   1  0  0  0  0  0/0     8:55   0:00   0:00 
Hunter Drew              0  0  0   0  0   0  0  0  0  0  0/0     0:45   0:07   0:00 
Josh Anderson            0  0  0   1  2   4  2  0  0  0  0/0    17:20   4:49   1:37 
Kevin Fiala              1  0  1   1  2   5  1  0  0  0  1/2    20:55   5:52   1:53 
Lias Andersson           0  0  0   0  0   0  0  0  0  0  1/1     2:26   0:46   0:28 
Logan O'Connor           0  0  0   0  0   1  0  1  0  0  0/0     6:44   0:00   0:00 
Michael Anderson         0  0  0   0  0   0  0  0  0  0  0/0     5:08   0:00   0:00 
Michael McCarron         0  0  0   0  2   0  1  0  0  0  0/2     6:43   0:00   0:00 
Michael Pezzetta         0  0  0   0  0   0  0  0  0  0  1/1     1:56   0:00   1:38 
Miro Heiskanen           0  0  0   2  0   2  1  3  1  0  0/0    20:00   4:59   3:38 
Nick Merkley             0  0  0   0  0   0  0  0  0  0  0/0     1:16   0:45   0:00 
Nick Suzuki              0  0  0   0  0   2  2  0  1  0  4/10   15:00   4:49   0:00 
Nicolas Hague            0  0  0   2  0   0  0  1  1  1  0/0    20:00   4:59   3:38 
Phillip Danault          0  1  1   1  0   1  2  0  0  0  0/0    10:23   0:00   1:10 
Quinn Hughes             1  1  2   0  0   8  2  3  1  1  0/0    25:50   6:20   4:21 
Roman Josi               0  0  0   0  2   1  1  0  0  0  0/0    24:40   6:26   3:36 
Tanner Jeannot           0  0  0   0  0   0  1  0  0  0  0/0     6:44   0:00   0:00 

3 Stars

1 - Quinn Hughes (Ont)
2 - Chandler Stephenson (Ont)
3 - Carter Hutton (Ont)

Power Play

Griffins - 1 on 5 Attempt(s) - 20.00%
Reign - 1 on 7 Attempt(s) - 14.29%

Penalty Kill

Griffins - 6 on 7 Attempt(s) - 85.71% - Score 0 goal in Penalty Kill
Reign - 4 on 5 Attempt(s) - 80.00% - Score 1 goal in Penalty Kill

Team Stat

Griffins - Hits : 13 - Faceoff Wins : 34 - Blocked Shots : 12 - Penalty Minutes : 14
Reign - Hits : 17 - Faceoff Wins : 25 - Blocked Shots : 8 - Penalty Minutes : 10

Official

Referees : Corey Syvret and Dan Kelly
Linesman : Travis Toomey and Mark Shewchyk

Game Notes

No Game Note

Finance

Level 1 -- Attendance: 1997 (99.85%) -- Ticket Income $139,790
Level 2 -- Attendance: 1000 (100.00%) -- Ticket Income $40,000
Total Attendance: 2997 (99.90%)
Total Ticket Income: $179,790
Other Income: $8,990
Total Income: $188,780

Griffins

5 vs 5 Forward 
   Center                   Left Wing                Right Wing               Time % Phy DF OF 
 1 Nico Hischier            Lucas Lessio             Martin Frk               40     1   2  2  
 2 Christoffer Ehn          Robby Fabbri             Sonny Milano             30     1   2  2  
 3 Riley Armstrong          Brendan Leipsic          Morgan Geekie            20     1   2  2  
 4 Cody Glass               Morgan Barron            Jack Studnicka           10     1   2  2  

5 vs 5 Defense 
   Defense                  Defense                                           Time % Phy DF OF 
 1 Filip Hronek             Andrey Pedan                                      40     1   2  2  
 2 Ryan Pulock              Nils Lundkvist                                    30     1   2  2  
 3 Robbie Russo             Ian McCoshen                                      20     1   2  2  
 4 Robbie Russo             Sebastian Ahaut                                   10     1   2  2  

PowerPlay Forward 
   Center                   Left Wing                Right Wing               Time % Phy DF OF 
 1 Nico Hischier            Lucas Lessio             Martin Frk               60     1   2  2  
 2 Christoffer Ehn          Sonny Milano             Riley Armstrong          40     1   2  2  

PowerPlay Defense
   Defense                  Defense                                           Time % Phy DF OF 
 1 Filip Hronek             Robby Fabbri                                      60     1   2  2  
 2 Ryan Pulock              Nils Lundkvist                                    40     1   2  2  

Penalty Kill 4 Players Forward 
   Center                   Wing                     Time % Phy DF OF 
 1 Riley Armstrong          Lucas Lessio             60     1   2  2  
 2 Christoffer Ehn          Robby Fabbri             40     1   2  2  

Penalty Kill 4 Players Defense
   Defense                  Defense                  Time % Phy DF OF 
 1 Filip Hronek             Ian McCoshen             60     1   2  2  
 2 Ryan Pulock              Andrey Pedan             40     1   2  2  

Penalty Kill - 3 Players Forward 
   Forward                                           Time % Phy DF OF 
 1 Christoffer Ehn                                   60     1   2  2  
 2 Riley Armstrong                                   40     1   2  2  

Penalty Kill - 3 Players Defense
   Defense                  Defense                  Time % Phy DF OF 
 1 Filip Hronek             Ian McCoshen             60     1   2  2  
 2 Ryan Pulock              Andrey Pedan             40     1   2  2  

4 vs 4 Forward 
   Center                   Wing                     Time % Phy DF OF 
 1 Christoffer Ehn          Robby Fabbri             60     1   2  2  
 2 Nico Hischier            Martin Frk               40     1   2  2  

4 vs 4 Defense
   Defense                  Defense                  Time % Phy DF OF 
 1 Filip Hronek             Ian McCoshen             60     1   2  2  
 2 Ryan Pulock              Andrey Pedan             40     1   2  2  

Last Minutes Offensive
   Center                   Left Wing                Right Wing               Defense                  Defense                  
   Nico Hischier            Lucas Lessio             Martin Frk               Filip Hronek             Nils Lundkvist           

Last Minutes Defensive
   Center                   Left Wing                Right Wing               Defense                  Defense                  
   Christoffer Ehn          Lucas Lessio             Riley Armstrong          Filip Hronek             Ian McCoshen             

Goaltenders
Starting : Marcus Hogberg           
Backup : Adam Werner              

Extra Forwards
Normal : Morgan Geekie, Brendan Leipsic, Cody Glass - PP : Cody Glass, Brendan Leipsic - PK : Cody Glass
Extra Defensemen
Normal : Andrey Pedan, Robbie Russo, Sebastian Ahaut - PP : Ian McCoshen - PK : Robbie Russo, Sebastian Ahaut
Penalty Shots
Sonny Milano, Robby Fabbri, Martin Frk, Lucas Lessio, Riley Armstrong
Custom OT Lines Forwards
Lucas Lessio, Nico Hischier, Robby Fabbri, Christoffer Ehn, Martin Frk, Riley Armstrong, Morgan Geekie, Cody Glass, Brendan Leipsic, Jack Studnicka
Custom OT Lines Defensemen
Filip Hronek, Ian McCoshen, Ryan Pulock, Andrey Pedan, Nils Lundkvist

Scratches
Jack Ramsey (Healthy), Jesse Graham (Healthy), Michael Bunting (Healthy), Conor Timmins (Healthy), Tyler Lewington (Healthy)
Calvin Thurkauf (Healthy), Oskar Steen (Healthy), Nick Swaney (Healthy), Dominik Bokk (Healthy), Philippe Desrosiers (Healthy)

Reign

5 vs 5 Forward 
   Center                   Left Wing                Right Wing               Time % Phy DF OF 
 1 Darroll Powe             Brendan Perlini          Kevin Fiala              40     1   2  2  
 2 Nick Suzuki              Brady Tkachuk            Josh Anderson            30     1   2  2  
 3 Chandler Stephenson      Phillip Danault          Austen Brassard          20     1   2  2  
 4 Michael McCarron         Tanner Jeannot           Logan O'Connor           10     1   2  2  

5 vs 5 Defense 
   Defense                  Defense                                           Time % Phy DF OF 
 1 Quinn Hughes             Roman Josi                                        40     1   2  2  
 2 Nicolas Hague            Miro Heiskanen                                    30     1   2  2  
 3 Devon Teows              Fredrik Claesson                                  20     1   2  2  
 4 Evan Bouchard            Michael Anderson                                  10     1   2  2  

PowerPlay Forward 
   Center                   Left Wing                Right Wing               Time % Phy DF OF 
 1 Darroll Powe             Brendan Perlini          Kevin Fiala              60     1   2  2  
 2 Nick Suzuki              Brady Tkachuk            Josh Anderson            40     1   2  2  

PowerPlay Defense
   Defense                  Defense                                           Time % Phy DF OF 
 1 Quinn Hughes             Roman Josi                                        60     1   2  2  
 2 Nicolas Hague            Miro Heiskanen                                    40     1   2  2  

Penalty Kill 4 Players Forward 
   Center                   Wing                     Time % Phy DF OF 
 1 Brendan Perlini          Darroll Powe             60     1   2  2  
 2 Kevin Fiala              Josh Anderson            40     1   2  2  

Penalty Kill 4 Players Defense
   Defense                  Defense                  Time % Phy DF OF 
 1 Quinn Hughes             Roman Josi               60     1   2  2  
 2 Nicolas Hague            Miro Heiskanen           40     1   2  2  

Penalty Kill - 3 Players Forward 
   Forward                                           Time % Phy DF OF 
 1 Brendan Perlini                                   60     1   2  2  
 2 Darroll Powe                                      40     1   2  2  

Penalty Kill - 3 Players Defense
   Defense                  Defense                  Time % Phy DF OF 
 1 Quinn Hughes             Roman Josi               60     1   2  2  
 2 Nicolas Hague            Miro Heiskanen           40     1   2  2  

4 vs 4 Forward 
   Center                   Wing                     Time % Phy DF OF 
 1 Brendan Perlini          Darroll Powe             60     1   2  2  
 2 Kevin Fiala              Josh Anderson            40     1   2  2  

4 vs 4 Defense
   Defense                  Defense                  Time % Phy DF OF 
 1 Quinn Hughes             Roman Josi               60     1   2  2  
 2 Nicolas Hague            Miro Heiskanen           40     1   2  2  

Last Minutes Offensive
   Center                   Left Wing                Right Wing               Defense                  Defense                  
   Darroll Powe             Brendan Perlini          Kevin Fiala              Quinn Hughes             Roman Josi               

Last Minutes Defensive
   Center                   Left Wing                Right Wing               Defense                  Defense                  
   Darroll Powe             Brendan Perlini          Kevin Fiala              Quinn Hughes             Roman Josi               

Goaltenders
Starting : Carter Hutton            
Backup : Ukko-Pekka Luukkonen     

Extra Forwards
Normal : Lias Andersson, Nick Merkley, Michael Pezzetta - PP : Lias Andersson, Nick Merkley - PK : Michael Pezzetta
Extra Defensemen
Normal : Hunter Drew, Devon Teows, Fredrik Claesson - PP : Hunter Drew - PK : Devon Teows, Fredrik Claesson
Penalty Shots
Brendan Perlini, Darroll Powe, Kevin Fiala, Josh Anderson, Nick Suzuki
Custom OT Lines Forwards
Brendan Perlini, Darroll Powe, Kevin Fiala, Josh Anderson, Nick Suzuki, Brady Tkachuk, Phillip Danault, Austen Brassard, Chandler Stephenson, Michael McCarron
Custom OT Lines Defensemen
Quinn Hughes, Roman Josi, Nicolas Hague, Miro Heiskanen, Devon Teows

Scratches
Yegor Sharangovich (Right Hip Injury), Justus Annunen (Healthy)

% Time on Ice - Griffins

Lines # - Real PCT - Wanted PCT - Time Play
Normal Forward
1 - 34% - 40% - 13:43
2 - 28% - 30% - 11:11
3 - 17% - 20% - 6:43
4 - 21% - 10% - 8:20
Normal Defense
1 - 42% - 40% - 16:43
2 - 30% - 30% - 11:49
3 - 18% - 20% - 7:20
4 - 10% - 10% - 4:05
PP Forward
1 - 58% - 60% - 4:39
2 - 42% - 40% - 3:20
PP Defense
1 - 54% - 60% - 4:17
2 - 46% - 40% - 3:42
PK Forward
1 - 72% - 60% - 8:16
2 - 28% - 40% - 3:10
PK Defense
1 - 67% - 60% - 7:37
2 - 33% - 40% - 3:49
PK3 Forward
1 - 0% - 60%
2 - 0% - 40%
PK3 Defense
1 - 0% - 60%
2 - 0% - 40%
44 Forward
1 - 100% - 60% - 0:38
2 - 0% - 40% - 0:00
44 Defense
1 - 100% - 60% - 0:38
2 - 0% - 40% - 0:00
Last Minute Offensive  - 0:00
Last Minute Defensive  - 0:00
Total
Forward - 60:00
Defense - 60:00

% Time on Ice - Reign

Lines # - Real PCT - Wanted PCT - Time Play
Normal Forward
1 - 33% - 40% - 13:07
2 - 28% - 30% - 11:08
3 - 22% - 20% - 8:58
4 - 17% - 10% - 6:44
Normal Defense
1 - 36% - 40% - 14:31
2 - 28% - 30% - 11:23
3 - 22% - 20% - 8:55
4 - 13% - 10% - 5:08
PP Forward
1 - 58% - 60% - 6:37
2 - 42% - 40% - 4:49
PP Defense
1 - 56% - 60% - 6:27
2 - 44% - 40% - 4:59
PK Forward
1 - 68% - 60% - 5:26
2 - 32% - 40% - 2:33
PK Defense
1 - 54% - 60% - 4:21
2 - 46% - 40% - 3:38
PK3 Forward
1 - 0% - 60%
2 - 0% - 40%
PK3 Defense
1 - 0% - 60%
2 - 0% - 40%
44 Forward
1 - 100% - 60% - 0:38
2 - 0% - 40% - 0:00
44 Defense
1 - 100% - 60% - 0:38
2 - 0% - 40% - 0:00
Last Minute Offensive  - 0:00
Last Minute Defensive  - 0:00
Total
Forward - 60:00
Defense - 60:00

Play-by-Play

1st period


0:01 of 1st period - Nico Hischier wins face-off versus Darroll Powe in neutral zone.
0:07 of 1st period - Off-side.
0:08 of 1st period - Nico Hischier wins face-off versus Darroll Powe in neutral zone.
0:51 of 1st period - Wrist shot by Brendan Perlini.
0:51 of 1st period - Shot Misses the Net.
0:55 of 1st period - Slapshot by Kevin Fiala.
0:55 of 1st period - Stopped by Marcus Hogberg with a rebound.
1:25 of 1st period - Slapshot by Quinn Hughes.
1:25 of 1st period - Stopped by Marcus Hogberg with a rebound.
1:27 of 1st period - Slapshot by Roman Josi.
1:27 of 1st period - Stopped by Marcus Hogberg without a rebound.
1:28 of 1st period - Nick Suzuki wins face-off versus Christoffer Ehn in Griffins zone.
1:55 of 1st period - Nicolas Hague is hit by Jack Studnicka.
3:54 of 1st period - Roman Josi is hit by Jack Studnicka and loses puck.
4:53 of 1st period - Roman Josi is hit by Morgan Barron and loses puck.
6:01 of 1st period - Jack Studnicka is hit by Tanner Jeannot and loses puck.
6:32 of 1st period - Backhand shot by Sonny Milano.
6:32 of 1st period - Shot Blocked by Quinn Hughes.
6:34 of 1st period - Wrist shot by Sonny Milano.
6:34 of 1st period - Stopped by Carter Hutton without a rebound.
6:35 of 1st period - Christoffer Ehn wins face-off versus Chandler Stephenson in Reign zone.
6:40 of 1st period - Wrist shot by Robby Fabbri.
6:40 of 1st period - Shot Misses the Net.
6:47 of 1st period - Icing by Miro Heiskanen.
6:48 of 1st period - Chandler Stephenson wins face-off versus Nico Hischier in Reign zone.
6:57 of 1st period - Snap shot by Austen Brassard.
6:57 of 1st period - Shot Blocked by Ryan Pulock.
6:59 of 1st period - Slapshot by Chandler Stephenson.
6:59 of 1st period - Goal by Chandler Stephenson - Griffins : 0 - Reign : 1.
7:00 of 1st period - Nick Suzuki wins face-off versus Nico Hischier in neutral zone.
7:03 of 1st period - Snap shot by Nick Suzuki.
7:03 of 1st period - Stopped by Marcus Hogberg without a rebound.
7:04 of 1st period - Nico Hischier wins face-off versus Nick Suzuki in Griffins zone.
7:11 of 1st period - Slapshot by Brady Tkachuk.
7:11 of 1st period - Shot Blocked by Robbie Russo.
7:13 of 1st period - Snap shot by Brady Tkachuk.
7:13 of 1st period - Stopped by Marcus Hogberg with a rebound.
7:15 of 1st period - Snap shot by Josh Anderson.
7:15 of 1st period - Stopped by Marcus Hogberg without a rebound.
7:16 of 1st period - Darroll Powe wins face-off versus Christoffer Ehn in Griffins zone.
7:25 of 1st period - Wrist shot by Sonny Milano.
7:25 of 1st period - Shot Misses the Net.
7:27 of 1st period - Wrist shot by Christoffer Ehn.
7:27 of 1st period - Stopped by Carter Hutton with a rebound.
7:53 of 1st period - Snap shot by Brady Tkachuk.
7:53 of 1st period - Stopped by Marcus Hogberg with a rebound.
8:09 of 1st period - Nicolas Hague is hit by Ryan Pulock and loses puck.
8:54 of 1st period - Wrist shot by Darroll Powe.
8:54 of 1st period - Stopped by Marcus Hogberg without a rebound.
8:55 of 1st period - Nick Suzuki wins face-off versus Morgan Geekie in Griffins zone.
9:10 of 1st period - Snap shot by Brady Tkachuk.
9:10 of 1st period - Stopped by Marcus Hogberg with a rebound.
9:20 of 1st period - Fredrik Claesson is hit by Christoffer Ehn.
10:00 of 1st period - Robbie Russo is hit by Michael McCarron and loses puck.
10:08 of 1st period - Off-side.
10:09 of 1st period - Darroll Powe wins face-off versus Christoffer Ehn in neutral zone.
12:25 of 1st period - Snap shot by Phillip Danault.
12:25 of 1st period - Stopped by Marcus Hogberg without a rebound.
12:26 of 1st period - Riley Armstrong wins face-off versus Chandler Stephenson in Griffins zone.
13:49 of 1st period - Slapshot by Quinn Hughes.
13:49 of 1st period - Stopped by Marcus Hogberg without a rebound.
13:50 of 1st period - Darroll Powe wins face-off versus Nico Hischier in Griffins zone.
13:58 of 1st period - Double Minor Penalty to Filip Hronek for High sticking.
13:59 of 1st period - Riley Armstrong wins face-off versus Darroll Powe in Griffins zone.
14:13 of 1st period - Snap shot by Darroll Powe.
14:13 of 1st period - Stopped by Marcus Hogberg with a rebound.
14:15 of 1st period - Slapshot by Quinn Hughes.
14:15 of 1st period - Deflect By Lucas Lessio.
14:15 of 1st period - Stopped by Marcus Hogberg with a rebound.
14:34 of 1st period - Slapshot by Quinn Hughes.
14:34 of 1st period - Shot Blocked by Andrey Pedan.
16:14 of 1st period - Robby Fabbri is hit by Roman Josi and loses puck.
16:54 of 1st period - Off-side.
16:55 of 1st period - Darroll Powe wins face-off versus Nico Hischier in neutral zone.
17:58 of 1st period - Penalty to Filip Hronek is over, Filip Hronek is back on ice.
18:06 of 1st period - Snap shot by Morgan Barron.
18:06 of 1st period - Shot Misses the Net.
18:08 of 1st period - Slapshot by Ryan Pulock.
18:08 of 1st period - Shot Misses the Net.
18:12 of 1st period - Snap shot by Morgan Barron.
18:12 of 1st period - Stopped by Carter Hutton without a rebound.
18:13 of 1st period - Christoffer Ehn wins face-off versus Michael McCarron in Reign zone.
18:17 of 1st period - Minor Penalty to Michael McCarron for Interference.
18:18 of 1st period - Nico Hischier wins face-off versus Darroll Powe in Reign zone.
18:22 of 1st period - Snap shot by Nico Hischier.
18:22 of 1st period - Stopped by Carter Hutton without a rebound.
18:23 of 1st period - Nico Hischier wins face-off versus Brendan Perlini in Reign zone.
18:54 of 1st period - Slapshot by Sonny Milano.
18:54 of 1st period - Stopped by Carter Hutton with a rebound.
18:56 of 1st period - Wrist shot by Robby Fabbri.
18:56 of 1st period - Shot Misses the Net.
18:58 of 1st period - Slapshot by Riley Armstrong.
18:58 of 1st period - Goal by Riley Armstrong - Griffins : 1 - Reign : 1.
18:59 of 1st period - Nick Suzuki wins face-off versus Nico Hischier in neutral zone.
19:17 of 1st period - Icing by Lucas Lessio.
19:18 of 1st period - Nico Hischier wins face-off versus Kevin Fiala in Griffins zone.
19:31 of 1st period - Snap shot by Martin Frk.
19:31 of 1st period - Shot Blocked by Nicolas Hague.
19:47 of 1st period - Snap shot by Nick Suzuki.
19:47 of 1st period - Stopped by Marcus Hogberg with a rebound.
19:49 of 1st period - Wrist shot by Nick Suzuki.
19:49 of 1st period - Shot Blocked by Filip Hronek.
19:51 of 1st period - Slapshot by Brady Tkachuk.
19:51 of 1st period - Shot Misses the Net.
Goals for this period are 1 for Griffins vs 1 for Reign.
Shots for this period are 6 for Griffins vs 15 for Reign.

2nd period


0:01 of 2nd period - Nico Hischier wins face-off versus Darroll Powe in neutral zone.
0:10 of 2nd period - Wrist shot by Nico Hischier.
0:10 of 2nd period - Shot Misses the Net.
0:12 of 2nd period - Slapshot by Filip Hronek.
0:12 of 2nd period - Stopped by Carter Hutton without a rebound.
0:13 of 2nd period - Brendan Perlini wins face-off versus Nico Hischier in Reign zone.
0:15 of 2nd period - Minor Penalty to Kevin Fiala for Goalie Interference.
0:16 of 2nd period - Nico Hischier wins face-off versus Brendan Perlini in Reign zone.
0:58 of 2nd period - Snap shot by Josh Anderson.
0:58 of 2nd period - Shot Misses the Net.
1:00 of 2nd period - Slapshot by Miro Heiskanen.
1:00 of 2nd period - Shot Misses the Net.
2:15 of 2nd period - Penalty to Kevin Fiala is over, Kevin Fiala is back on ice.
2:25 of 2nd period - Filip Hronek is hit by Phillip Danault and loses puck.
2:52 of 2nd period - Snap shot by Logan O'Connor.
2:52 of 2nd period - Shot Misses the Net.
3:26 of 2nd period - Snap shot by Brendan Perlini.
3:26 of 2nd period - Stopped by Marcus Hogberg with a rebound.
3:28 of 2nd period - Slapshot by Darroll Powe.
3:28 of 2nd period - Deflect By Brendan Perlini.
3:28 of 2nd period - Shot Blocked by Robby Fabbri.
3:28 of 2nd period - Puck is out of play.
3:29 of 2nd period - Riley Armstrong wins face-off versus Darroll Powe in Griffins zone.
3:54 of 2nd period - Miro Heiskanen is hit by Martin Frk and loses puck.
4:09 of 2nd period - Minor Penalty to Brady Tkachuk for Slashing.
4:10 of 2nd period - Nico Hischier wins face-off versus Brendan Perlini in Reign zone.
5:02 of 2nd period - Snap shot by Kevin Fiala.
5:02 of 2nd period - Deflect By Josh Anderson.
5:02 of 2nd period - Stopped by Marcus Hogberg with a rebound.
5:36 of 2nd period - Quinn Hughes is hit by Nils Lundkvist and loses puck.
5:50 of 2nd period - Icing by Riley Armstrong.
5:51 of 2nd period - Michael Pezzetta wins face-off versus Christoffer Ehn in Griffins zone.
6:09 of 2nd period - Penalty to Brady Tkachuk is over, Brady Tkachuk is back on ice.
6:15 of 2nd period - Wrist shot by Cody Glass.
6:15 of 2nd period - Shot Misses the Net.
6:23 of 2nd period - Snap shot by Josh Anderson.
6:23 of 2nd period - Shot Blocked by Ryan Pulock.
6:25 of 2nd period - Snap shot by Josh Anderson.
6:25 of 2nd period - Stopped by Marcus Hogberg with a rebound.
6:27 of 2nd period - Wrist shot by Kevin Fiala.
6:27 of 2nd period - Shot Misses the Net.
6:29 of 2nd period - Snap shot by Josh Anderson.
6:29 of 2nd period - Stopped by Marcus Hogberg with a rebound.
6:31 of 2nd period - Wrist shot by Brady Tkachuk.
6:31 of 2nd period - Shot Blocked by Ryan Pulock.
6:41 of 2nd period - Wrist shot by Kevin Fiala.
6:41 of 2nd period - Shot Misses the Net.
6:43 of 2nd period - Snap shot by Kevin Fiala.
6:43 of 2nd period - Stopped by Marcus Hogberg with a rebound.
6:45 of 2nd period - Slapshot by Miro Heiskanen.
6:45 of 2nd period - Stopped by Marcus Hogberg without a rebound.
6:46 of 2nd period - Christoffer Ehn wins face-off versus Austen Brassard in Griffins zone.
7:35 of 2nd period - Snap shot by Filip Hronek.
7:35 of 2nd period - Stopped by Carter Hutton with a rebound.
8:17 of 2nd period - Ian McCoshen is hit by Austen Brassard and loses puck.
8:53 of 2nd period - Wrist shot by Martin Frk.
8:53 of 2nd period - Deflect By Lucas Lessio.
8:53 of 2nd period - Shot Misses the Net.
8:53 of 2nd period - Puck is out of play.
8:54 of 2nd period - Darroll Powe wins face-off versus Nico Hischier in Reign zone.
9:14 of 2nd period - Minor Penalty to Lucas Lessio for Slashing.
9:15 of 2nd period - Kevin Fiala wins face-off versus Riley Armstrong in Griffins zone.
9:15 of 2nd period - Wrist shot by Darroll Powe.
9:15 of 2nd period - Stopped by Marcus Hogberg without a rebound.
9:16 of 2nd period - Darroll Powe wins face-off versus Riley Armstrong in Griffins zone.
9:23 of 2nd period - Slapshot by Quinn Hughes.
9:23 of 2nd period - Goal by Quinn Hughes - Griffins : 1 - Reign : 2.
9:24 of 2nd period - Nico Hischier wins face-off versus Darroll Powe in neutral zone.
9:45 of 2nd period - Minor Penalty to Lucas Lessio for Interference.
9:46 of 2nd period - Darroll Powe wins face-off versus Cody Glass in Griffins zone.
11:45 of 2nd period - Penalty to Lucas Lessio is over, Lucas Lessio is back on ice.
12:11 of 2nd period - Slapshot by Quinn Hughes.
12:11 of 2nd period - Stopped by Marcus Hogberg with a rebound.
12:13 of 2nd period - Wrist shot by Quinn Hughes.
12:13 of 2nd period - Shot Misses the Net.
13:15 of 2nd period - Minor Penalty to Josh Anderson for Roughing.
13:16 of 2nd period - Brendan Perlini wins face-off versus Christoffer Ehn in Reign zone.
15:15 of 2nd period - Penalty to Josh Anderson is over, Josh Anderson is back on ice.
16:01 of 2nd period - Austen Brassard is hit by Martin Frk and loses puck.
16:09 of 2nd period - Icing by Phillip Danault.
16:10 of 2nd period - Brendan Leipsic wins face-off versus Chandler Stephenson in Reign zone.
16:35 of 2nd period - Phillip Danault is hit by Ryan Pulock and loses puck.
16:52 of 2nd period - Wrist shot by Kevin Fiala.
16:52 of 2nd period - Shot Misses the Net.
17:36 of 2nd period - Wrist shot by Quinn Hughes.
17:36 of 2nd period - Shot Blocked by Ian McCoshen.
17:38 of 2nd period - Snap shot by Michael McCarron.
17:38 of 2nd period - Deflect By Logan O'Connor.
17:38 of 2nd period - Stopped by Marcus Hogberg without a rebound.
17:39 of 2nd period - Christoffer Ehn wins face-off versus Darroll Powe in Griffins zone.
17:45 of 2nd period - Wrist shot by Filip Hronek.
17:45 of 2nd period - Shot Misses the Net.
17:47 of 2nd period - Slapshot by Andrey Pedan.
17:47 of 2nd period - Stopped by Carter Hutton without a rebound.
17:48 of 2nd period - Sonny Milano wins face-off versus Darroll Powe in Reign zone.
17:51 of 2nd period - Slapshot by Robby Fabbri.
17:51 of 2nd period - Stopped by Carter Hutton with a rebound.
17:53 of 2nd period - Wrist shot by Robby Fabbri.
17:53 of 2nd period - Stopped by Carter Hutton with a rebound.
17:55 of 2nd period - Snap shot by Robby Fabbri.
17:55 of 2nd period - Stopped by Carter Hutton without a rebound.
17:56 of 2nd period - Darroll Powe wins face-off versus Nico Hischier in Reign zone.
18:31 of 2nd period - Slapshot by Quinn Hughes.
18:31 of 2nd period - Stopped by Marcus Hogberg without a rebound.
18:32 of 2nd period - Christoffer Ehn wins face-off versus Darroll Powe in Griffins zone.
18:38 of 2nd period - Off-side.
18:39 of 2nd period - Darroll Powe wins face-off versus Christoffer Ehn in neutral zone.
18:44 of 2nd period - Slapshot by Darroll Powe.
18:44 of 2nd period - Shot Misses the Net.
18:50 of 2nd period - Slapshot by Ryan Pulock.
18:50 of 2nd period - Stopped by Carter Hutton with a rebound.
18:52 of 2nd period - Backhand shot by Nils Lundkvist.
18:52 of 2nd period - Stopped by Carter Hutton without a rebound.
18:53 of 2nd period - Nico Hischier wins face-off versus Darroll Powe in Reign zone.
19:04 of 2nd period - Slapshot by Quinn Hughes.
19:04 of 2nd period - Stopped by Marcus Hogberg with a rebound.
19:06 of 2nd period - Slapshot by Brendan Perlini.
19:06 of 2nd period - Stopped by Marcus Hogberg with a rebound.
19:08 of 2nd period - Wrist shot by Kevin Fiala.
19:08 of 2nd period - Stopped by Marcus Hogberg without a rebound.
19:09 of 2nd period - Christoffer Ehn wins face-off versus Nick Suzuki in Griffins zone.
19:09 of 2nd period - Christoffer Ehn is hit by Josh Anderson.
19:15 of 2nd period - Snap shot by Robby Fabbri.
19:15 of 2nd period - Stopped by Carter Hutton without a rebound.
19:16 of 2nd period - Christoffer Ehn wins face-off versus Nick Suzuki in Reign zone.
19:17 of 2nd period - Wrist shot by Robby Fabbri.
19:17 of 2nd period - Shot Misses the Net.
19:19 of 2nd period - Slapshot by Ryan Pulock.
19:19 of 2nd period - Deflect By Sonny Milano.
19:19 of 2nd period - Shot Misses the Net.
19:19 of 2nd period - Puck is out of play.
19:20 of 2nd period - Nico Hischier wins face-off versus Darroll Powe in Reign zone.
19:33 of 2nd period - Snap shot by Lucas Lessio.
19:33 of 2nd period - Shot Misses the Net.
19:35 of 2nd period - Slapshot by Andrey Pedan.
19:35 of 2nd period - Shot Misses the Net.
19:54 of 2nd period - Christoffer Ehn is hit by Quinn Hughes and loses puck.
Goals for this period are 0 for Griffins vs 1 for Reign.
Shots for this period are 9 for Griffins vs 14 for Reign.

3rd period


0:01 of 3rd period - Nico Hischier wins face-off versus Darroll Powe in neutral zone.
0:11 of 3rd period - Off-side.
0:12 of 3rd period - Darroll Powe wins face-off versus Nico Hischier in neutral zone.
0:23 of 3rd period - Snap shot by Brendan Perlini.
0:23 of 3rd period - Shot Misses the Net.
0:37 of 3rd period - Nico Hischier is hit by Quinn Hughes and loses puck.
1:04 of 3rd period - Robby Fabbri is hit by Nick Suzuki and loses puck.
1:45 of 3rd period - Logan O'Connor is hit by Morgan Barron and loses puck.
1:54 of 3rd period - Snap shot by Morgan Barron.
1:54 of 3rd period - Stopped by Carter Hutton without a rebound.
1:55 of 3rd period - Christoffer Ehn wins face-off versus Nick Suzuki in Reign zone.
2:02 of 3rd period - Roman Josi is hit by Sonny Milano and loses puck.
2:09 of 3rd period - Snap shot by Sonny Milano.
2:09 of 3rd period - Shot Misses the Net.
2:11 of 3rd period - Slapshot by Ian McCoshen.
2:11 of 3rd period - Shot Blocked by Quinn Hughes.
2:38 of 3rd period - Minor Penalty to Robbie Russo for Interference.
2:39 of 3rd period - Riley Armstrong wins face-off versus Darroll Powe in Griffins zone.
3:42 of 3rd period - Wrist shot by Robby Fabbri.
3:42 of 3rd period - Shot Misses the Net.
3:59 of 3rd period - Minor Penalty to Roman Josi for Goalie Interference.
4:00 of 3rd period - Christoffer Ehn wins face-off versus Brendan Perlini in Reign zone.
4:04 of 3rd period - Slapshot by Robby Fabbri.
4:04 of 3rd period - Shot Misses the Net.
4:06 of 3rd period - Slapshot by Filip Hronek.
4:06 of 3rd period - Shot Blocked by Quinn Hughes.
4:08 of 3rd period - Slapshot by Filip Hronek.
4:08 of 3rd period - Stopped by Carter Hutton with a rebound.
4:10 of 3rd period - Snap shot by Robby Fabbri.
4:10 of 3rd period - Stopped by Carter Hutton without a rebound.
4:11 of 3rd period - Christoffer Ehn wins face-off versus Brendan Perlini in Reign zone.
4:22 of 3rd period - Brendan Perlini is hit by Ian McCoshen and loses puck.
4:38 of 3rd period - Penalty to Robbie Russo is over, Robbie Russo is back on ice.
4:43 of 3rd period - Slapshot by Kevin Fiala.
4:43 of 3rd period - Goal by Kevin Fiala - Griffins : 1 - Reign : 3.
4:44 of 3rd period - Brendan Perlini wins face-off versus Nico Hischier in neutral zone.
4:47 of 3rd period - Slapshot by Quinn Hughes.
4:47 of 3rd period - Stopped by Marcus Hogberg without a rebound.
4:48 of 3rd period - Brendan Perlini wins face-off versus Nico Hischier in Griffins zone.
4:57 of 3rd period - Snap shot by Darroll Powe.
4:57 of 3rd period - Shot Misses the Net.
5:25 of 3rd period - Snap shot by Sonny Milano.
5:25 of 3rd period - Shot Misses the Net.
5:59 of 3rd period - Penalty to Roman Josi is over, Roman Josi is back on ice.
7:00 of 3rd period - Slapshot by Phillip Danault.
7:00 of 3rd period - Shot Blocked by Ryan Pulock.
7:46 of 3rd period - Snap shot by Tanner Jeannot.
7:46 of 3rd period - Shot Misses the Net.
7:48 of 3rd period - Snap shot by Tanner Jeannot.
7:48 of 3rd period - Shot Misses the Net.
8:34 of 3rd period - Snap shot by Kevin Fiala.
8:34 of 3rd period - Shot Misses the Net.
8:36 of 3rd period - Slapshot by Kevin Fiala.
8:36 of 3rd period - Stopped by Marcus Hogberg with a rebound.
8:38 of 3rd period - Slapshot by Miro Heiskanen.
8:38 of 3rd period - Shot Misses the Net.
8:42 of 3rd period - Wrist shot by Darroll Powe.
8:42 of 3rd period - Shot Misses the Net.
8:44 of 3rd period - Slapshot by Miro Heiskanen.
8:44 of 3rd period - Deflect By Jack Studnicka.
8:44 of 3rd period - Stopped by Marcus Hogberg without a rebound.
8:45 of 3rd period - Nico Hischier wins face-off versus Nick Suzuki in Griffins zone.
8:45 of 3rd period - Nico Hischier is hit by Nick Suzuki.
8:59 of 3rd period - Wrist shot by Nick Suzuki.
8:59 of 3rd period - Shot Hit the Post.
9:13 of 3rd period - Wrist shot by Kevin Fiala.
9:13 of 3rd period - Shot Misses the Net.
9:15 of 3rd period - Snap shot by Fredrik Claesson.
9:15 of 3rd period - Stopped by Marcus Hogberg with a rebound.
9:22 of 3rd period - Off-side.
9:23 of 3rd period - Darroll Powe wins face-off versus Riley Armstrong in neutral zone.
9:53 of 3rd period - Snap shot by Martin Frk.
9:53 of 3rd period - Stopped by Carter Hutton without a rebound.
9:54 of 3rd period - Nico Hischier wins face-off versus Nick Suzuki in Reign zone.
9:55 of 3rd period - Wrist shot by Lucas Lessio.
9:55 of 3rd period - Shot Misses the Net.
10:21 of 3rd period - Sonny Milano is hit by Darroll Powe and loses puck.
10:42 of 3rd period - Slapshot by Roman Josi.
10:42 of 3rd period - Shot Blocked by Riley Armstrong.
10:51 of 3rd period - Slapshot by Riley Armstrong.
10:51 of 3rd period - Shot Misses the Net.
10:53 of 3rd period - Slapshot by Ryan Pulock.
10:53 of 3rd period - Deflect By Roman Josi.
10:53 of 3rd period - Stopped by Carter Hutton with a rebound.
11:11 of 3rd period - Snap shot by Chandler Stephenson.
11:11 of 3rd period - Shot Blocked by Andrey Pedan.
11:13 of 3rd period - Slapshot by Austen Brassard.
11:13 of 3rd period - Stopped by Marcus Hogberg without a rebound.
11:14 of 3rd period - Nico Hischier wins face-off versus Darroll Powe in Griffins zone.
11:23 of 3rd period - Snap shot by Martin Frk.
11:23 of 3rd period - Shot Blocked by Miro Heiskanen.
11:25 of 3rd period - Wrist shot by Martin Frk.
11:25 of 3rd period - Shot Blocked by Miro Heiskanen.
11:27 of 3rd period - Wrist shot by Andrey Pedan.
11:27 of 3rd period - Deflect By Nico Hischier.
11:27 of 3rd period - Shot Misses the Net.
11:27 of 3rd period - Puck is out of play.
11:28 of 3rd period - Darroll Powe wins face-off versus Nico Hischier in Reign zone.
11:53 of 3rd period - Filip Hronek is hit by Brady Tkachuk and loses puck.
12:02 of 3rd period - Slapshot by Quinn Hughes.
12:02 of 3rd period - Shot Misses the Net.
12:04 of 3rd period - Slapshot by Roman Josi.
12:04 of 3rd period - Shot Blocked by Sonny Milano.
12:12 of 3rd period - Minor Penalty to Sonny Milano for High sticking.
12:13 of 3rd period - Riley Armstrong wins face-off versus Darroll Powe in Griffins zone.
12:22 of 3rd period - Filip Hronek is hit by Kevin Fiala and loses puck.
13:09 of 3rd period - Snap shot by Robby Fabbri.
13:09 of 3rd period - Shot Blocked by Miro Heiskanen.
14:12 of 3rd period - Penalty to Sonny Milano is over, Sonny Milano is back on ice.
14:20 of 3rd period - Cody Glass is hit by Phillip Danault and loses puck.
14:29 of 3rd period - Snap shot by Austen Brassard.
14:29 of 3rd period - Shot Misses the Net.
15:09 of 3rd period - Nick Suzuki is hit by Nico Hischier and loses puck.
15:51 of 3rd period - Icing by Fredrik Claesson.
15:52 of 3rd period - Morgan Barron wins face-off versus Michael McCarron in Reign zone.
16:17 of 3rd period - Snap shot by Nico Hischier.
16:17 of 3rd period - Shot Blocked by Logan O'Connor.
16:51 of 3rd period - Morgan Barron is hit by Darroll Powe and loses puck.
17:14 of 3rd period - Andrey Pedan is hit by Josh Anderson and loses puck.
17:21 of 3rd period - Slapshot by Quinn Hughes.
17:21 of 3rd period - Shot Misses the Net.
17:23 of 3rd period - Minor Penalty to Brendan Leipsic for Tripping.
17:24 of 3rd period - Darroll Powe wins face-off versus Riley Armstrong in Griffins zone.
19:23 of 3rd period - Penalty to Brendan Leipsic is over, Brendan Leipsic is back on ice.
19:49 of 3rd period - Wrist shot by Robbie Russo.
19:49 of 3rd period - Stopped by Carter Hutton without a rebound.
19:50 of 3rd period - Lias Andersson wins face-off versus Morgan Geekie in Reign zone.
19:55 of 3rd period - Sonny Milano is hit by Miro Heiskanen.
Goals for this period are 0 for Griffins vs 1 for Reign.
Shots for this period are 6 for Griffins vs 6 for Reign.